 Dungeon Crawl Stone Soup version 0.19-a0-1109-g16db51f (webtiles) character file.

3914 HenryFlower the Basher (level 10, -2/77 HPs)
             Began as a Minotaur Abyssal Knight on Aug 10, 2016.
             Was the Champion of Lugonu.
             Slain by a wight
             ... wielding a +1 halberd of freezing
              (4 damage)
             ... on level 7 of the Dungeon.
             The game lasted 00:16:11 (10451 turns).

HenryFlower the Basher (Minotaur Abyssal Knight)   Turns: 10451, Time: 00:16:12

Health: -2/77      AC: 12    Str: 17    XL:     10   Next: 1%
Magic:  10/10      EV:  4    Int:  9    God:    Lugonu [******]
Gold:   696        SH:  0    Dex: 13    Spells: 0 memorised, 9 levels left

rFire  . . .     SeeInvis .     a - +1 flail (holy)
rCold  . . .     Gourm    .     g - +0 plate armour
rNeg   . . .     Faith    +     (no shield)
rPois  .         Spirit   .     (helmet restricted)
rElec  .         Dismiss  .     A - +1 cloak
rCorr  .         Reflect  .     (no gloves)
SustAt .         Harm     .     (no boots)
MR     +....                    s - amulet of faith
Stlth  ..........               (no ring)
                                m - ring of protection from magic

@: heavily drained
A: retaliatory headbutt, horns 2
a: Depart the Abyss, Bend Space, Banish, Corrupt, Enter the Abyss, Brand Weapon
With Distortion, Renounce Religion


You were on level 7 of the Dungeon.
You worshipped Lugonu.
Lugonu was exalted by your worship.
You were not hungry.

You visited 1 branch of the dungeon, and saw 7 of its levels.
You visited the Abyss 1 time.
You also visited: Ossuary.

You collected 696 gold pieces.

Inventory:

Hand Weapons
 a - a +1 flail of holy wrath (weapon)
 v - a +0 blowgun
Missiles
 u - 21 poisoned needles
 D - 5 needles of confusion
Armour
 g - a +0 plate armour (worn)
 y - a +0 cloak
 A - a +1 cloak (worn)
Jewellery
 m - a ring of protection from magic (left hand)
 s - an amulet of faith (around neck)
 z - an uncursed amulet of regeneration {unknown}
 K - an uncursed amulet of regeneration {unknown}
Wands
 o - a wand of enslavement (15/24)
Scrolls
 e - 6 scrolls of remove curse
 h - a scroll of recharging {unknown}
 j - 3 scrolls of amnesia
 l - a scroll of blinking {unknown}
 n - 5 scrolls of teleportation
 q - 3 scrolls of noise {unknown}
 r - a scroll of fear {unknown}
 t - a scroll of fog {unknown}
 C - a scroll of immolation {unknown}
 E - 3 scrolls of magic mapping {unknown}
 M - a scroll of enchant armour {unknown}
 O - a scroll of enchant weapon {unknown}
Potions
 b - a potion of berserk rage
 d - 3 potions of flight
 f - 3 potions of magic
 k - 3 potions of haste
 w - a potion of lignification
 x - 3 potions of agility
 B - 3 potions of brilliance
 F - a potion of curing
 G - 2 potions of cure mutation {unknown}
 H - 2 potions of ambrosia
 I - a potion of might {unknown}
 J - 3 potions of heal wounds {unknown}
 L - a potion of resistance {unknown}
Comestibles
 c - 4 bread rations
 i - 2 royal jellies
 p - 3 meat rations


   Skills:
 - Level 3.6(1.6) Fighting
 + Level 13.8(11.3) Maces & Flails
 + Level 8.0(5.7) Throwing
 - Level 2.4(0.5) Armour
 - Level 1.1(0.0) Dodging
 - Level 1.7(0.0) Invocations


You had 9 spell levels left.
You didn't know any spells.

Dungeon Overview and Level Annotations

Branches:
Dungeon (7/15)             Temple (0/1) D:6

Altars:
Cheibriados
Gozag
Hepliaklqana
Makhleb
Okawaru
Ru
Trog
Vehumet
Yredelemnul

Shops:
D:4 :   D:7 =


Innate Abilities, Weirdness & Mutations

You reflexively headbutt those who attack you in melee.
You have a pair of horns on your head.


Message History

You start resting.
The wight hits you with an enchanted halberd.
* * * LOW HITPOINT WARNING * * *
You feel drained.
* * * LOW HITPOINT WARNING * * *
The wight hits you from afar with a halberd of freezing!
* * * LOW HITPOINT WARNING * * *
The wight freezes you.
* * * LOW HITPOINT WARNING * * *
Unknown command.
You barely miss the wight.
You feel better.
The wight hits you with an enchanted halberd.
* * * LOW HITPOINT WARNING * * *
You feel drained.
* * * LOW HITPOINT WARNING * * *
The wight hits you from afar with a halberd of freezing!
* * * LOW HITPOINT WARNING * * *
The wight freezes you.
You die...

#...#.#.#...## #..#.............
#...#####...#.####...............
#...#_#.#...#.....#..............
#.....#.....##...#.#......).8....
..###+#'###......##.#.....)......
..#...#...#......###.#.z...8.....
..#.......#..#...# ##.#..........
.####...####.....# ##.#z...8....
..#.......#.....@######z#...#..#.
..#.......#....#.zzz...#.######..
#..####......##..######.#...#..#.
##.###...##..#...# ##.#.........
#..#...###......# ##.#..........
##.....## ##.....###.#...........
#.....## ##....##.#............
...#..## #....#.#.......#.##..
#####..# ##....#.......#.#.##.


You could see 3 wights.

Vanquished Creatures
  The ghost of johnl023 the Chopper, an amateur DDFi (Ossuary)
  Grinder (D:3)
  Sigmund (D:2)
  Eustachio (D:5)
  Edmund (D:4)
  Menkaure (D:5)
  An orc warrior (D:7)
  An ice beast (D:5)
  3 phantoms
  3 ogres
  2 centaurs
  3 giant frogs
  2 scorpions
  5 wights (D:7)
  A howler monkey (D:6)
  3 electric eels (D:7)
  A wasp zombie (D:7)
  4 crimson imps
  A giant frog zombie (D:7)
  A hound (D:7)
  7 orc priests
  3 orc wizards
  2 centaur skeletons
  A giant frog skeleton (D:6)
  Crazy Yiuf (D:5)
  Jessica (D:3)
  Natasha (thrice) (D:2)
  4 iguanas
  3 hell rats (D:5)
  3 worker ants
  A big kobold zombie (Ossuary)
  8 mummies (Ossuary)
  Robin (D:2)
  A worker ant zombie (D:5)
  3 gnolls (D:2)
  4 river rats (D:5)
  11 adders
  2 oozes
  2 adder skeletons
  2 worms (D:2)
  2 dart slugs
  6 giant geckos
  20 orcs
  4 bats
  4 giant cockroaches
  A gnoll zombie (Ossuary)
  9 hobgoblins
  11 jackals
  3 quokkas
  3 ball pythons
  6 giant newts
  11 goblins
  18 kobolds
  5 kobold zombies (Ossuary)
  An orc zombie (Ossuary)
  A quokka zombie (D:7)
  34 rats
239 creatures vanquished.

Vanquished Creatures (others)
  3 plants (D:7)
3 creatures vanquished.

Grand Total: 242 creatures vanquished

Notes
Turn   | Place    | Note
-------+----------+-------------------------------------------
     0 | Abyss:1  | HenryFlower the Minotaur Abyssal Knight began the quest for the Orb.
     0 | Abyss:1  | Reached XP level 1. HP: 19/19 MP: 1/1
     9 | D:1      | Escaped the Abyss
   171 | D:1      | Reached skill level 3 in Maces & Flails
   193 | D:1      | Reached XP level 2. HP: 24/26 MP: 2/2
   645 | D:1      | Reached ** piety under Lugonu
   648 | D:1      | Reached skill level 4 in Maces & Flails
   671 | D:1      | Reached XP level 3. HP: 31/31 MP: 3/3
  1135 | D:2      | Noticed Sigmund
  1146 | D:2      | Killed Sigmund
  1146 | D:2      | Reached skill level 6 in Maces & Flails
  1146 | D:2      | Reached XP level 4. HP: 39/39 MP: 4/4
  1146 | D:2      | Reached XP level 5. HP: 45/45 MP: 5/5
  1197 | D:2      | Found a snail-covered altar of Cheibriados.
  1214 | D:2      | Noticed Natasha
  1222 | D:2      | Killed Natasha
  1222 | D:2      | Reached skill level 7 in Maces & Flails
  1467 | D:2      | Noticed Robin
  1484 | D:2      | Killed Robin
  1502 | D:2      | Reached XP level 6. HP: 49/51 MP: 6/6
  1571 | D:2      | Reached *** piety under Lugonu
  1835 | D:2      | Noticed Natasha
  1838 | D:2      | Killed Natasha
  1838 | D:2      | Reached skill level 8 in Maces & Flails
  2039 | D:2      | Noticed Natasha
  2046 | D:2      | Killed Natasha
  2219 | D:2      | Found a radiant altar of Vehumet.
  2226 | D:2      | Found a bloodstained altar of Trog.
  2230 | D:2      | Found a basalt altar of Yredelemnul.
  2408 | D:2      | Found a hazy altar of Hepliaklqana.
  2627 | D:3      | Noticed Grinder
  2656 | D:3      | Killed Grinder
  2656 | D:3      | Reached skill level 9 in Maces & Flails
  2656 | D:3      | Reached XP level 7. HP: 22/57 MP: 7/7
  2921 | D:3      | Noticed Jessica
  2929 | D:3      | Killed Jessica
  2970 | D:3      | Reached **** piety under Lugonu
  3312 | D:4      | Reached skill level 10 in Maces & Flails
  3590 | D:4      | Noticed Edmund
  3608 | D:4      | Killed Edmund
  3608 | D:4      | Reached skill level 11 in Maces & Flails
  3676 | D:4      | Found an opulent altar of Gozag.
  3746 | D:4      | Found Gaeneps's Book Boutique.
  3968 | D:5      | Entered Level 5 of the Dungeon
  3983 | D:5      | Reached skill level 1 in Throwing
  3994 | D:5      | Reached XP level 8. HP: 64/64 MP: 8/8
  4082 | D:5      | Found a sand-covered staircase.
  4087 | D:5      | Noticed Menkaure
  4087 | Ossuary  | Entered an ossuary
  4106 | Ossuary  | Noticed johnl023's ghost (amateur DDFi)
  4124 | Ossuary  | Reached ***** piety under Lugonu
  4129 | Ossuary  | Killed johnl023's ghost
  4628 | D:5      | Killed Menkaure
  4697 | D:5      | Noticed Eustachio
  4729 | D:5      | Killed Eustachio
  4729 | D:5      | Reached skill level 12 in Maces & Flails
  5363 | D:5      | Found an iron altar of Okawaru.
  5373 | D:5      | Reached skill level 5 in Throwing
  5380 | D:5      | Reached XP level 9. HP: 63/70 MP: 9/9
  5866 | D:5      | Found a runed door.
  5870 | D:5      | Noticed Crazy Yiuf
  5875 | D:5      | Killed Crazy Yiuf
  6496 | D:6      | Found a staircase to the Ecumenical Temple.
  6587 | D:6      | Reached ****** piety under Lugonu
  7119 | D:6      | Reached skill level 13 in Maces & Flails
  8128 | D:7      | Found a burning altar of Makhleb.
  8218 | D:7      | Found a sacrificial altar of Ru.
  8721 | D:7      | Found Hinaun's Jewellery Shop.
 10429 | D:7      | Reached XP level 10. HP: 77/77 MP: 10/10
 10451 | D:7      | HP: 2/77 [wight/halberd of freezing (11)]
 10451 | D:7      | Slain by a wight

Vault maps used:
D:1:      minmay_arrival_nine_rooms
D:2:      minmay_wonky_spiral, minmay_overflow_temple_star_quad,
          marbit_many_paths, kennysheep_slug_shrine, minmay_misc_feat_plants,
          uniq_robin, uniq_sigmund, uniq_natasha
D:3:      uniq_grinder, uniq_jessica
D:4:      nicolae_gozag_cash_rules_everything_around_me, serial_shops, shop,
          hangedman_abyss_or_decor_passed, uniq_edmund
D:5:      lemuel_ratsnest, lemuel_crystal_altar, enter_ossuary_2, first_bread,
          uniq_eustachio, uniq_crazy_yiuf_cottage, uniq_menkaure
D:6:      st_stairs_10, minmay_misc_feat_diagonals
D:7:      wad_pebble_path, hangedman_ru_absence, kennysheep_mini, serial_shops,
          kennysheep_mini_moat, serial_bayou, serial_bayou_shore_b,
          serial_bayou_pond_c, serial_bayou_lagoon_a
Ossuary:  ossuary_tomb_3

Skill      XL: |  1  2  3  4  5  6  7  8  9 10 |
---------------+-------------------------------+-----
Maces & Flails | 3 4 6 7 9 11 12 13 | 13.8
Throwing       | 1 5 7 8 |  8.0
Fighting       | |  3.6
Armour         | |  2.4
Dodging        | |  1.1
Invocations    | |  1.7

Action                   |  1- 3 |  4- 6 |  7- 9 | 10-12 || total
-------------------------+-------+-------+-------+-------++-------
Melee: Mace              |    53 |    83 |       |       ||   136
       Headbutt          |     5 |    18 |   101 |       ||   124
       Flail             |       |    70 |   546 |     6 ||   622
  Use: Potion            |     1 |       |     3 |     1 ||     5
       Scroll            |       |     3 |     9 |       ||    12
  Eat: Chunk             |       |     6 |    15 |       ||    21
       Meat ration       |       |       |     1 |       ||     1
       Pizza             |       |       |     4 |       ||     4
       Beef jerky        |       |       |     1 |       ||     1
Armor: Plate armour      |    30 |    97 |   356 |     5 ||   488
       Leather armour    |     1 |       |       |       ||     1
Dodge: Dodged            |    21 |    43 |   125 |     3 ||   192
